 Dungeon Crawl Stone Soup version 0.27.1-33-g824d729ab1 (webtiles) character file.

Game seed: 12003767891892761766

520 worthlessgem the Digger (level 7, -1/46 HPs)
             Began as a Formicid Earth Elementalist on Dec 1, 2021.
             Slain by a sky beast (5 damage)
             ... on level 5 of the Dungeon.
             The game lasted 00:38:25 (7335 turns).

worthlessgem the Digger (FoEE)                      Turns: 7335, Time: 00:38:25

Health: -1/46      AC:  2    Str: 13    XL:     7   Next: 45%
Magic:  12/12      EV: 12    Int: 16    God:
Gold:   172        SH:  0    Dex: 11    Spells: 3/13 levels left

rFire    . . .     SeeInvis +   p - +1 whip (drain)
rCold    . . .     Faith    .   (no shield)
rNeg     . . .     Spirit   .   f - +0 robe
rPois    .         Reflect  .   (helmet unavailable)
rElec    .         Harm     .   (no cloak)
rCorr    .         Rampage  .   (no gloves)
Will     .....                  (no boots)
Stlth    ++........             (no amulet)
HPRegen  0.15/turn              (no ring)
MPRegen  0.13/turn              (no ring)

@: no status effects
A: permanent stasis, dig shafts and tunnels, antennae 3, four strong arms
a: Dig, Shaft Self


You were on level 5 of the Dungeon.
You visited 1 branch of the dungeon, and saw 5 of its levels.

You collected 172 gold pieces.

Inventory:

Hand Weapons
 a - a +0 hunting sling
 b - a +1 dagger of venom
 e - a +0 long sword
 p - a +1 whip of draining (weapon)
Missiles
 c - 110 stones
 h - 18 poisoned darts (quivered)
 j - 4 boomerangs
 l - 36 sling bullets
Armour
 f - a +0 robe (worn)
Jewellery
 k - a ring of poison resistance
Scrolls
 n - a scroll of immolation {unknown}
 o - a scroll of amnesia {unknown}
 q - 3 scrolls of teleportation {unknown}
 s - a scroll of blinking {unknown}
Potions
 d - a potion of ambrosia {unknown}
 g - a potion of brilliance
 i - a potion of flight
 m - 2 potions of curing
 r - a potion of mutation {unknown}


   Skills:
 - Level 1.7 Dodging
 - Level 2.4 Stealth
 - Level 3.5 Spellcasting
 - Level 2.4 Conjurations
 * Level 4.1 Transmutations
 + Level 6.7 Earth Magic


You had 3 spell levels left.
You knew the following spells:

 Your Spells              Type           Power      Damage    Failure   Level
a - Sandblast             Erth           48%        2d12      1%          1
b - Passwall              Tmut/Erth      16%        N/A       2%          2
c - Stone Arrow           Conj/Erth      34%        3d9       8%          3
d - Petrify               Tmut/Erth      20%        N/A       19%         4

Your spell library contained the following spells:

 Spells                   Type           Power      Damage    Failure   Level
 Shock                    Conj/Air       24%        1d4       11%         1
 Airstrike                Air            1%         N/A       87%         4
 Swiftness                Air            Unusable   N/A       N/A         3

Dungeon Overview and Level Annotations

Branches:
Dungeon (5/15)
 Temple: D:4-7

Altars:
Cheibriados
The Shining One

Shops:
D:1 (

Annotations:
D:2 Natasha, Terence
D:5 exclusion: black bear


Innate Abilities, Weirdness & Mutations

You cannot be hasted, slowed, berserked, paralysed or teleported.
You can dig through walls and to a lower floor.
You have a pair of large antennae on your head. (SInv)
Your four strong arms can wield two-handed weapons with a shield.


Message History

Your +1 dagger of venom begins to drip with poison!
b - a +1 dagger of venom (weapon)
The sky beast flickers out of sight for a moment.
You closely miss the sky beast.
The sky beast is lightly wounded.
The sky beast hits you but does no damage.
You hit the sky beast but do no damage.
The sky beast is poisoned.
The sky beast is lightly wounded.
The sky beast barely misses you.
You hit the sky beast.
The sky beast is heavily wounded.
The sky beast hits you. The sky beast shocks you.
Your +1 dagger of venom stops dripping with poison.
You sense an unholy aura.
p - a +1 whip of draining (weapon)
You closely miss the sky beast.
The sky beast is severely wounded.
The sky beast hits you. The sky beast shocks you.
The sky beast closely misses you.
You closely miss the sky beast.
The sky beast is severely wounded.
The sky beast misses you.
You barely miss the sky beast.
The sky beast is severely wounded.
The sky beast hits you. The sky beast shocks you.
You closely miss the sky beast.
The sky beast is severely wounded.
The sky beast hits you. The sky beast shocks you.
You closely miss the sky beast.
The sky beast is almost dead.
The sky beast hits you.
* * * LOW HITPOINT WARNING * * *
The sky beast shocks you.
* * * LOW HITPOINT WARNING * * *
You closely miss the sky beast.
The sky beast is almost dead.
The sky beast hits you.
* * * LOW HITPOINT WARNING * * *
The sky beast shocks you.
You die...

#. #.# .# #.# #.# ....
### . #.# #.# #... ..#.#
# #.# #.# ##((..
#.#.###.##.## #.# ......
#.. ..#....# #.#
#....###.#####.##..# #.#
#($......>.........####.#
#.#.....Y@...)........#
#....#.#####.##.#######
######.# #......# #.#
####.#.# #.# #.#.# #.#
#####.#.# #.# #.......#
.#####.####.###.#.#
#............†...#.#


You could see a sky beast (poisoned).

Vanquished Creatures
  A black bear (D:4)
  2 ogres
  2 hounds
  6 gnolls
  5 adders
  An adder skeleton (D:4)
  A worm (D:3)
  3 dart slugs (D:1)
  6 orcs
  8 ball pythons
  2 bats
  9 endoplasms
  2 giant cockroaches
  A goblin (D:3)
  10 hobgoblins
  7 jackals
  5 quokkas
  4 frilled lizards
  5 kobolds
  5 rats
85 creatures vanquished.

Notes
Turn   | Place    | Note
-------+----------+-------------------------------------------
     0 | D:1      | worthlessgem the Formicid Earth Elementalist began the
                  | quest for the Orb.
     0 | D:1      | Reached XP level 1. HP: 13/13 MP: 3/3
    21 | D:1      | Found Koido's Weapon Boutique.
   416 | D:1      | Reached XP level 2. HP: 9/19 MP: 5/5
   419 | D:1      | Learned a level 2 spell: Passwall
   627 | D:1      | Reached skill level 1 in Conjurations
   627 | D:1      | Reached skill level 4 in Earth Magic
  1099 | D:1      | Reached XP level 3. HP: 15/24 MP: 6/6
  1931 | D:1      | Learned a level 3 spell: Stone Arrow
  2183 | D:2      | Noticed Terence
  2206 | D:2      | Reached XP level 4. HP: 22/30 MP: 7/7
  2316 | D:2      | Noticed Natasha
  2536 | D:2      | Found a faded altar of an unknown god.
  2666 | D:2      | You fall into a shaft and drop 1 floor!
  2938 | D:3      | Found a glowing golden altar of the Shining One.
  3261 | D:3      | Noticed an ogre
  3772 | D:3      | Found a snail-covered altar of Cheibriados.
  4120 | D:3      | Killed an ogre
  4121 | D:3      | Reached skill level 5 in Earth Magic
  4121 | D:3      | Reached XP level 5. HP: 35/35 MP: 3/9
  4126 | D:3      | Learned a level 4 spell: Petrify
  4654 | D:4      | Noticed an ogre
  4791 | D:3      | HP: 1/35 [gnoll (8)]
  4973 | D:3      | Reached XP level 6. HP: 20/41 MP: 9/11
  5383 | D:4      | Reached skill level 6 in Earth Magic
  5896 | D:4      | Noticed a black bear
  6077 | D:4      | Killed an ogre
  6381 | D:4      | Reached XP level 7. HP: 46/46 MP: 8/12
  6882 | D:5      | Entered Level 5 of the Dungeon
  7335 | D:5      | Slain by a sky beast

Illustrated notes

Levels and vault maps discovered:
D:1:      dpeg_arrival_another_circle, layout_basic, serial_shops,
          nicolae_square_shop, bh_walls_and_bars
D:2:      layout_rooms, ebering_ecumenical_altar_box, uniq_natasha, uniq_terence
D:3:      layout_loops_cross, overflow_temple_1_default,
          mainiacjoe_overflow_24_doors
D:4:      layout_loops_corners
D:5:      layout_loops_ring, mainiacjoe_overflow_paths,
          minmay_a_box_with_orc_wizards_in_it

Skill      XL: |  1  2  3  4  5  6  7 |
---------------+----------------------+-----
Conjurations   | 1 2 |  2.4
Earth Magic    | 4 5 6 |  6.7
Spellcasting   | 3 |  3.5
Transmutations | 3 4 |  4.1
Dodging        | |  1.7
Stealth        | |  2.4

Action                   |  1- 3 |  4- 6 |  7- 9 || total
-------------------------+-------+-------+-------++-------
Melee: Unarmed           |     9 |       |       ||     9
       Mace              |    53 |    33 |       ||    86
       Dagger            |       |    19 |    48 ||    67
       Whip              |       |    18 |     7 ||    25
       Long sword        |       |     1 |       ||     1
 Fire: Hunting sling     |    30 |    63 |     8 ||   101
Throw: Dart              |       |    17 |     3 ||    20
       Boomerang         |       |     2 |       ||     2
 Cast: Sandblast         |     6 |    19 |       ||    25
       Passwall          |     1 |     9 |     1 ||    11
       Stone Arrow       |     2 |    14 |       ||    16
       Petrify           |       |       |     3 ||     3
 Abil: Dig               |     3 |     9 |     1 ||    13
       Shaft Self        |       |     1 |       ||     1
  Use: Scroll            |       |     4 |       ||     4
       Potion            |       |     1 |       ||     1
 Stab: Sleeping          |     2 |     1 |       ||     3
       Petrified         |       |       |     5 ||     5
       Petrifying        |       |       |     1 ||     1
Armor: Robe              |    24 |    13 |     8 ||    45
Dodge: Dodged            |    59 |    79 |    35 ||   173
